AoeStats
← 17_Neo_

Arabia

506427384Analyzed
1v1 RM · 19d ago on Sep 13, 2026· 38m 10s· 2 players
Game mode
Random Map
Map size
Tiny (2 player)
Population
200
Speed
Normal
Resources
Standard
Victory
Conquest
Starting age
Dark Age
Ending age
Imperial Age
RankedLock teamsTeams togetherTeam positionsShared explorationLock speedFull tech treeHidden civsTurbo modeCheats
Victory
Defeat
🇨🇴 Maya · Colombia
1654
+14
🇦🇷 Chinese · Argentina
1608
-14
INDIO
0:26 Loom
9:51 Feudal Age
10:19 Double-Bit Axe
10:15 Horse Collar
14:02 Wheelbarrow
20:36 Castle Age
18:48 Padded Archer Armor
18:57 Gold Mining
19:17 Fletching
20:56 Scale Mail Armor
21:13 Bodkin Arrow
20:40 Elite Skirmisher
21:34 Town Watch
22:34 Leather Archer Armor
22:43 Bow Saw
30:32 Hand Cart
31:34 Ballistics
35:37 Imperial Age
35:30 Heavy Plow
35:42 Stone Mining
36:26 Bracer
37:23 Ring Archer Armor
17_Neo_
0:27 Loom
10:07 Feudal Age
10:55 Double-Bit Axe
14:04 Horse Collar
19:04 Castle Age
17:24 Gold Mining
17:58 Fletching
19:49 Wheelbarrow
19:11 Crossbowman
19:49 Bodkin Arrow
20:57 Bow Saw
21:02 Town Watch
24:25 Ballistics
25:10 Padded Archer Armor
35:02 Imperial Age
33:14 Thumb Ring
33:49 Leather Archer Armor
34:25 Elite Skirmisher
35:11 Hul'che Javelineers
35:49 Bracer
36:51 Chemistry
38:23 Ring Archer Armor
38:33 Hand Cart
38:32 Heavy Plow
Connection lost

Rejoining the realm…

Still unreachable

The connection could not be restored.

Session expired

The server has moved on; the page needs a fresh start.